 Dungeon Crawl Stone Soup version 0.28-a0-622-gbaef9634d7 (webtiles) character file.

Game seed: 9391437460297030020

9 Iscandelvey the Chiller (level 2, 13/19 HPs)
             Began as a Demonspawn Ice Elementalist on Oct 7, 2021.
             Quit the game on level 1 of the Dungeon.
             The game lasted 00:02:56 (441 turns).

Iscandelvey the Chiller (DsIE)                       Turns: 441, Time: 00:02:58

Health: 13/19      AC:  2    Str:  8    XL:     2   Next: 6%
Magic:  1/5        EV: 12    Int: 16    God:
Gold:   26         SH:  0    Dex: 13    Spells: 4/5 levels left

rFire   . . .      SeeInvis .   (no weapon)
rCold   . . .      Faith    .   (no shield)
rNeg    . . .      Spirit   .   a - +0 robe
rPois   .          Reflect  .   (no helmet)
rElec   .          Harm     .   (no cloak)
rCorr   .          Rampage  .   (no gloves)
Will    .....                   (no boots)
Stlth   ++........              (no amulet)
HPRegen 0.06/turn               (no ring)
MPRegen 0.09/turn               (no ring)

@: no status effects
A: ignite blood 1
a: no special abilities


You were on level 1 of the Dungeon.
You visited 1 branch of the dungeon, and saw 1 of its levels.

You collected 26 gold pieces.

Inventory:

Armour
 a - a +0 robe (worn)
Potions
 b - a potion of lignification {unknown}
 c - a potion of might {unknown}


   Skills:
 + Level 0.1 Armour
 + Level 1.8 Dodging
 + Level 1.8 Stealth
 * Level 2.0 Spellcasting
 * Level 4.0 Ice Magic


You had 4 spell levels left.
You knew the following spells:

 Your Spells              Type           Power      Damage    Failure   Level
a - Freeze                Ice            56%        1d7       4%          1

Your spell library contained the following spells:

 Spells                   Type           Power      Damage    Failure   Level
 Frozen Ramparts          Ice            28%        1d4       12%         3
 Ozocubu's Armour         Ice            14%        N/A       12%         3
 Apportation              Tloc           2%         N/A       21%         1
 Hailstorm                Conj/Ice       8%         3d4       65%         4
 Alistair's Intoxication  Tmut/Pois      0%         N/A       99%         5
 Invisibility             Hex            0%         N/A       100%        6


Dungeon Overview and Level Annotations

Branches:
Dungeon (1/15)

Altars:


Innate Abilities, Weirdness & Mutations

Your demonic aura sometimes causes spilled blood to erupt in flames.


Message History

The jackal is lightly wounded.
The jackal misses you.
You hit the jackal.
The jackal is moderately wounded.
The jackal closely misses you. x2
Your magical contamination has completely faded away.
You closely miss the jackal.
The jackal is moderately wounded.
The jackal closely misses you.
You hit the jackal but do no damage.
The jackal is moderately wounded.
The jackal closely misses you. The jackal bites you.
You hit the jackal but do no damage.
The jackal is moderately wounded.
The jackal closely misses you.
You miss the jackal.
The jackal is moderately wounded.
The jackal misses you.
You hit the jackal but do no damage.
The jackal is moderately wounded.
The jackal bites you. x2
You closely miss the jackal.
The jackal is moderately wounded.
The jackal closely misses you.
You hit the jackal.
The jackal is heavily wounded.
The jackal closely misses you. The jackal barely misses you.
You barely miss the jackal.
The jackal is heavily wounded.
The jackal misses you.
You miss the jackal.
The jackal is heavily wounded.
The jackal bites you.
You hit the jackal.
The jackal is severely wounded.
The jackal misses you. The jackal closely misses you.
You hit the jackal.
You kill the jackal!
Your Ice Magic skill increases to level 4!
Are you sure you want to abandon this character and quit the game? (Confirm with "yes".)

###### #....#
#....#
#....########## #
#....##.......#
#.##....##.#####.#
#.......##.# #.# #
#†@..##.# #.# #
#....##.# #.#####
#....##.# #.##...
###.###.# #......
#.###.#########.#
#.............#.#
#####.......#.#.#
#######.#...#
#.#.#.#


There were no monsters in sight!

Vanquished Creatures
  An endoplasm (D:1)
  A hobgoblin (D:1)
  2 jackals (D:1)
  A ball python (D:1)
  3 kobolds (D:1)
8 creatures vanquished.

Notes
Turn   | Place    | Note
-------+----------+-------------------------------------------
     0 | D:1      | Iscandelvey the Demonspawn Ice Elementalist began the quest
                  | for the Orb.
     0 | D:1      | Reached XP level 1. HP: 13/13 MP: 3/3
   422 | D:1      | Gained mutation: Your demonic aura sometimes causes spilled
                  | blood to erupt in flames. [demonic ancestry]
   422 | D:1      | Reached XP level 2. HP: 19/19 MP: 1/5
   440 | D:1      | Reached skill level 4 in Ice Magic
   441 | D:1      | Quit the game

Illustrated notes

Levels and vault maps discovered:
D:1:      minmay_arrival_semitransparent, layout_basic

Skill      XL: |  1  2 |
---------------+-------+-----
Ice Magic      | 4 |  4.0
Armour         | |  0.1
Dodging        | |  1.8
Stealth        | |  1.8
Spellcasting   | |  2.0

Action                   || total
-------------------------++-------
Melee: Unarmed           ||    19
 Cast: Freeze            ||     9
Armor: Robe              ||     6
Dodge: Dodged            ||    22

Table legend: (Time is in decaauts)
 A = Elapsed time spent in this place.
 B = Non-inter-level travel time spent in this place.
 C = Inter-level travel time spent in this place.
 D = Time resting spent in this place.
 E = Time spent auto-exploring this place.
 F = Levels seen in this place.
 G = Mean time per level.
                   A        B        C        D        E       F      G
               +--------+--------+--------+--------+--------+-----+--------+
         Total |    441 |    434 |      7 |     66 |    304 |   1 |  441.0 |
       Dungeon |    441 |    434 |      7 |     66 |    304 |   1 |  441.0 |
               +--------+--------+--------+--------+--------+-----+--------+

Top non-repeatable levels by time:
     D:1: 441 daAuts
